[Event "Titled Tuesday Blitz September 21 2021"]
[White "Kucuksari, Kaan"]
[Black "Petrovskyi, Vadym"]
[WhiteFideId "6380166"]
[BlackFideId "14165210"]
[WhiteElo "2301"]
[BlackElo "2334"]
[Result "1-0"]
[Round "05"]
[TimeControl "180+1"]
[Date "2021.09.21"]
[WhiteClock "0:00:13"]
[BlackClock "0:00:19"]

1. d4 Nf6 2. c4 g6 3. g3 Bg7 4. Bg2 O-O 5. Nc3 d6 6. Nf3 Nbd7 7. O-O e5 8. b3 Re8 9. Bb2 c6 10. Qc2 a5 11. Rfd1 Qb6 12. c5 dxc5 13. dxe5 Ng4 14. Na4 Qa7 15. Rxd7 Bxd7 16. Nxc5 Rad8 17. Rd1 Bf5 18. Rxd8 Rxd8 19. e4 Bc8 20. h3 Nh6 21. Bc1 Kh8 22. Bg5 Re8 23. Bf6 Ng8 24. Qc3 Be6 25. Ng5 b6 26. Ncxe6 fxe6 27. Bxg7+ Qxg7 28. Qxc6 Qe7 29. h4 h6 30. Nh3 Rb8 31. Nf4 Qf7 32. Bh3 Ne7 33. Qc7 Re8 34. Bxe6 Qf8 35. Bd5 g5 36. hxg5 hxg5 37. Ne6 Qf3 38. Qd7 Rc8 39. Nc7 Qf8 40. Be6 Rd8 41. Qb5 Rd2 42. Qf1 Qf3 43. Qh3+ Kg7 44. Ne8+ Kf8 45. Qh8+ Ng8 46. Qxg8+ Ke7 47. Qxg5+ Kxe6 48. Ng7+ Kf7 49. Qxd2 Kxg7 50. Qf4 Qd1+ 51. Kg2 Qc2 52. Qg5+ Kf8 53. Qf6+ Ke8 54. Qf4 Qxa2 55. Qe3 Qc2 56. Qf3 Ke7 57. Qf4 b5 58. g4 a4 59. b4 a3 60. Qf6+ Ke8 61. e6 Qc7 62. Qh8+ Ke7 63. Qg7+ Kd6 64. Qf6 Qe7 65. e5+ Kd5 66. Qxe7 a2 67. Qa7 Kxe6 68. Qxa2+ Kxe5 69. Qe2+ Kf4 70. Qxb5 Kxg4 71. Qc5 Kh4 72. b5 Kg4 73. b6 Kh4 74. b7 Kg4 75. b8=Q Kh4 76. Qh8+ Kg4 77. Qcd4+ Kf5 78. Qde5+ Kg6 79. Qhg7# 1-0


[Site "https://www.chess.com"]

[Event "Titled Tuesday Blitz September 21 2021"]
[White "Kumala, Aleksander"]
[Black "Berezin, Viktor"]
[WhiteFideId "1141880"]
[BlackFideId "14107872"]
[WhiteElo "2269"]
[BlackElo "2310"]
[Result "1-0"]
[Round "05"]
[TimeControl "180+1"]
[Date "2021.09.21"]
[WhiteClock "0:00:30"]
[BlackClock "0:00:19"]

1. d4 Nf6 2. Bg5 d6 3. Nc3 h6 4. Bh4 Bf5 5. f3 e5 6. e4 Be6 7. d5 Bc8 8. g4 Be7 9. Bg3 c5 10. Nge2 a6 11. a4 Nxg4 12. fxg4 Bxg4 13. Bg2 h5 14. h3 Bd7 15. O-O Bg5 16. Qd3 Qe7 17. Nc1 O-O 18. Nb3 Bc8 19. Nd2 Nd7 20. Nc4 b6 21. Kh2 Rb8 22. Rf2 h4 23. Kh1 hxg3 24. Qxg3 Bh4 25. Qf3 Bxf2 26. Qxf2 Nf6 27. Rg1 Nh5 28. Ne2 f5 29. Qf3 Nf6 30. exf5 e4 31. Qf4 Nxd5 32. Qg4 Bxf5 33. Qg3 Rbd8 34. h4 b5 35. axb5 axb5 36. Nd2 Nf6 37. Qg5 Bh7 38. Nf4 Kh8 39. Bh3 e3 40. Nf3 Be4 41. Ng6+ Bxg6 42. Qxg6 Qe4 43. Qxg7# 1-0


[Site "https://www.chess.com"]

[Event "Titled Tuesday Blitz September 21 2021"]
[White "Kwon, Sehyun"]
[Black "LEGENYA1998"]
[WhiteFideId "13203088"]
[WhiteElo "1778"]
[BlackElo "2431"]
[Result "1-0"]
[Round "05"]
[TimeControl "180+1"]
[Date "2021.09.21"]
[WhiteClock "0:00:07"]
[BlackClock "0:00:20"]

1. Nf3 Nf6 2. c4 c6 3. g3 d5 4. Bg2 e6 5. O-O Nbd7 6. b3 Bd6 7. Bb2 Qe7 8. Nc3 O-O 9. Qc2 a6 10. d4 b5 11. e4 b4 12. e5 bxc3 13. exd6 Qxd6 14. Bxc3 Ne4 15. Bb2 a5 16. Ne5 f5 17. a4 Nxe5 18. dxe5 Qd7 19. Rfd1 Qf7 20. Ba3 Re8 21. h4 f4 22. Bxe4 dxe4 23. Qxe4 fxg3 24. fxg3 Bb7 25. Rf1 Qg6 26. Qxg6 hxg6 27. Rad1 Rad8 28. Bc5 Ba6 29. Rfe1 Rb8 30. Re3 Rb7 31. Rd6 Rf7 32. Rxc6 Bb7 33. Rb6 Bf3 34. Bd6 Bg4 35. Kg2 Rc8 36. c5 Kh7 37. c6 g5 38. c7 Rfxc7 39. Bxc7 Rxc7 40. Rd3 Rc2+ 41. Kg1 gxh4 42. gxh4 Kg6 43. Rbd6 Bf5 44. Rd2 Rc1+ 45. Kf2 Rc3 46. Rb6 Be4 47. Rd4 Bd5 48. Rb5 Kf5 49. Rxa5 Rxb3 50. Rd2 Kxe5 51. Ra7 Rf3+ 52. Ke1 Rh3 53. a5 Rxh4 54. Rxg7 Ra4 55. Re2+ Kd6 56. Ra7 Bc4 57. Rb2 e5 58. Kd2 Kc5 59. Rc7+ Kd4 60. Rd7+ Ke4 61. Rc7 Bd5 62. Rc5 Rd4+ 63. Kc3 Ra4 64. Rb4+ Rxb4 65. Kxb4 Ba8 66. Rc8 Bd5 67. a6 Kf4 68. Rd8 Bc6 69. Rd6 Bh1 70. a7 Ba8 71. Rd8 Bc6 72. a8=Q Bxa8 73. Rxa8 e4 74. Kc3 e3 75. Kd3 Kf3 76. Re8 1-0


[Site "https://www.chess.com"]

[Event "Titled Tuesday Blitz September 21 2021"]
[White "Lashkin, Jegor"]
[Black "Perez Gormaz, Matias"]
[WhiteFideId "13907808"]
[BlackFideId "3406342"]
[WhiteElo "2293"]
[BlackElo "2352"]
[Result "1-0"]
[Round "05"]
[TimeControl "180+1"]
[Date "2021.09.21"]
[WhiteClock "0:00:01"]
[BlackClock "0:00:02"]

1. a3 d5 2. Nf3 Bf5 3. e3 e6 4. d4 Nf6 5. Bd3 Bg6 6. O-O Nbd7 7. b3 Bd6 8. Bb2 Qe7 9. c4 c6 10. Nc3 Rd8 11. Qc2 e5 12. dxe5 Nxe5 13. Nxe5 Qxe5 14. g3 dxc4 15. bxc4 Qh5 16. Ne4 Ng4 17. f3 Ne5 18. Nxd6+ Rxd6 19. Bxg6 hxg6 20. g4 Qg5 21. Qg2 Nxc4 22. Bd4 c5 23. f4 Qd5 24. Qxd5 Rxd5 25. Bxg7 Rh3 26. Rfe1 Kd7 27. Rad1 Rxd1 28. Rxd1+ Kc6 29. e4 Ne3 30. Rd3 Rf3 31. h3 Rf1+ 32. Kh2 Nc4 33. Kg3 Nd6 34. e5 Ne4+ 35. Kh4 c4 36. Rd4 Rxf4 37. Rxc4+ Kd5 38. Rb4 g5+ 39. Kh5 b6 40. Kh6 Rf3 41. Bf6 Rxh3+ 42. Kg7 Nxf6 43. exf6 Ke6 44. Re4+ Kd5 45. Re7 Rg3 46. Kxf7 Rxg4 47. Rxa7 Rf4 48. Kg6 g4 49. Rg7 Ke6 50. Re7+ Kd6 51. Re3 1-0


[Site "https://www.chess.com"]

[Event "Titled Tuesday Blitz September 21 2021"]
[White "Laurusas, Tomas"]
[Black "GjakanTati"]
[WhiteFideId "12803731"]
[WhiteElo "2573"]
[BlackElo "2596"]
[Result "0-1"]
[Round "05"]
[TimeControl "180+1"]
[Date "2021.09.21"]
[WhiteClock "0:00:03"]
[BlackClock "0:00:36"]

1. d4 Nf6 2. c4 e6 3. Nc3 d5 4. cxd5 exd5 5. Bg5 Be7 6. e3 c6 7. Bd3 O-O 8. Qc2 h6 9. Bh4 Re8 10. Nge2 Nbd7 11. O-O Nf8 12. f3 N6h7 13. Bf2 Bh4 14. e4 Bxf2+ 15. Rxf2 dxe4 16. fxe4 Nf6 17. Raf1 Ng4 18. Rf3 Ne6 19. d5 Ng5 20. Qb3 Nxf3+ 21. Rxf3 Ne5 22. Rg3 Qb6+ 23. Qxb6 axb6 24. Bc2 b5 25. Bb1 b4 26. Nd1 cxd5 27. exd5 Ng4 28. Kf1 Nxh2+ 29. Ke1 Bg4 30. Ne3 h5 31. Kd2 Rxe3 32. Kxe3 Nf1+ 33. Kd4 Bxe2 34. Rb3 Nd2 35. Re3 Bb5 36. Bf5 g6 37. Bh3 Nc4 38. Re7 Nd6 39. Kc5 Rd8 40. Kxb4 Kf8 41. Rc7 Bc4 42. b3 Bxd5 43. a4 Bc6 44. g3 g5 45. a5 g4 46. Bf1 Ne8 47. Rxc6 bxc6 48. a6 Nc7 49. Kc5 h4 50. Kxc6 Nxa6 51. Bxa6 h3 0-1


[Site "https://www.chess.com"]

[Event "Titled Tuesday Blitz September 21 2021"]
[White "Leitao, Rafael"]
[Black "Manukyan, Sargis A."]
[WhiteFideId "2101246"]
[BlackFideId "13303970"]
[WhiteElo "2609"]
[BlackElo "2187"]
[Result "1-0"]
[Round "05"]
[TimeControl "180+1"]
[Date "2021.09.21"]
[WhiteClock "0:00:21"]
[BlackClock "0:00:08"]

1. c4 Nf6 2. Nc3 c5 3. Nf3 g6 4. e3 Bg7 5. d4 O-O 6. d5 e6 7. Be2 exd5 8. cxd5 Re8 9. O-O d6 10. Nd2 a6 11. a4 Nbd7 12. Re1 Rb8 13. Rb1 Qc7 14. b3 Qa5 15. Nc4 Qc7 16. b4 b5 17. axb5 axb5 18. Na3 cxb4 19. Naxb5 Qa5 20. Qa4 Qb6 21. Qxb4 Nc5 22. Ba3 Nfe4 23. Nxe4 Rxe4 24. Qd2 Ba6 25. Nc3 Bxc3 26. Rxb6 Bxd2 27. Rxb8+ Kg7 28. Rd1 Bxe2 29. Rxd2 Bc4 30. Bb2+ Kh6 31. f3 Rxe3 32. Kf2 Rb3 33. Rxb3 Nxb3 34. Rd1 Kg5 35. Ba3 1-0


[Site "https://www.chess.com"]

[Event "Titled Tuesday Blitz September 21 2021"]
[White "Leve, Nitai"]
[Black "Guz, Ari"]
[WhiteFideId "2006898"]
[BlackFideId "2825759"]
[WhiteElo "2144"]
[BlackElo "1913"]
[Result "0-1"]
[Round "05"]
[TimeControl "180+1"]
[Date "2021.09.21"]
[WhiteClock "0:00:14"]
[BlackClock "0:01:29"]

1. e4 e6 2. d4 d5 3. Bd2 dxe4 4. f3 exf3 5. Nxf3 Nf6 6. Bd3 Bd6 7. O-O O-O 8. c4 c5 9. Bc3 cxd4 10. Bxd4 Nc6 11. Bc3 e5 12. Bc2 Bc5+ 13. Kh1 Qxd1 14. Bxd1 Ne4 15. g3 Nf2+ 16. Kg2 Nxd1 17. Rxd1 Bg4 18. h3 Bxf3+ 19. Kxf3 Rad8 20. Nd2 f5 21. Nb3 e4+ 22. Kf4 Bd6+ 23. Ke3 Bxg3 24. Rg1 Be5 25. Bxe5 Nxe5 26. Nc5 Nxc4+ 27. Kf4 Rd2 28. Ne6 Rf2+ 29. Kg3 Rf3+ 30. Kh2 Rf7 31. Ng5 Ne5 32. Nxf7 Kxf7 33. Rac1 f4 34. Rc7+ Kf6 35. Rgxg7 e3 36. Rg1 Rf2+ 37. Rg2 Nf3+ 38. Kh1 Rf1+ 0-1


[Site "https://www.chess.com"]

[Event "Titled Tuesday Blitz September 21 2021"]
[White "Machidon, Cristi"]
[Black "Bazeev, German"]
[WhiteFideId "13904590"]
[BlackFideId "24119350"]
[WhiteElo "2312"]
[BlackElo "2462"]
[Result "1-0"]
[Round "05"]
[TimeControl "180+1"]
[Date "2021.09.21"]
[WhiteClock "0:00:24"]
[BlackClock "0:01:08"]

1. d4 Nf6 2. Nf3 e6 3. c4 b6 4. g3 Bb7 5. Bg2 Bb4+ 6. Bd2 c5 7. O-O O-O 8. Bxb4 cxb4 9. a3 bxa3 10. Rxa3 a5 11. Nc3 Na6 12. d5 exd5 13. cxd5 Nb4 14. e4 d6 15. Nd4 Nd7 16. Nf5 Ne5 17. Nb5 Nc4 18. Rc3 Ba6 19. Qd4 Ne5 20. Nfxd6 Qf6 21. f4 Nd7 22. e5 Qg6 23. Rfc1 Nc5 24. Nc7 Rad8 25. Nxa6 Nbxa6 26. Ne4 h5 27. d6 h4 28. Qe3 Qe6 29. Ng5 Qa2 30. R3c2 Nb4 31. Rd2 Nb3 32. Rcd1 Nxd2 33. Rxd2 f6 34. exf6 Rxf6 35. Qe7 Rff8 36. Ne6 Qb1+ 37. Bf1 Qg6 38. Nxd8 hxg3 39. Rg2 gxh2+ 40. Kh1 Qf6 41. Ne6 Rf7 42. Qe8+ Kh7 43. Ng5+ 1-0


[Site "https://www.chess.com"]

[Event "Titled Tuesday Blitz September 21 2021"]
[White "Manukyan, Artyom"]
[Black "Srihari L R"]
[WhiteFideId "13305786"]
[BlackFideId "46617116"]
[WhiteElo "2034"]
[BlackElo "2121"]
[Result "1-0"]
[Round "05"]
[TimeControl "180+1"]
[Date "2021.09.21"]
[WhiteClock "0:00:24"]
[BlackClock "0:00:23"]

1. e4 c5 2. Nc3 a6 3. g3 b5 4. Bg2 Bb7 5. d3 e6 6. Nh3 d5 7. exd5 Nf6 8. Nf4 b4 9. Ne4 Nxd5 10. Qh5 g6 11. Nxg6 fxg6 12. Qe5 Qe7 13. Qxh8 Nc6 14. Bg5 Qc7 15. O-O Nd4 16. c3 bxc3 17. bxc3 Nf5 18. c4 Kf7 19. Qxh7+ Bg7 20. cxd5 exd5 21. Bf4 Qc6 22. Ng5+ Kf6 23. Qh3 Rh8 24. Qg4 Ke7 25. Rfe1+ Kd7 26. Nf7 Qf6 27. Nxh8 Bxh8 28. Rab1 Bc6 29. Be5 Qf8 30. Bxh8 Qxh8 31. Qxg6 Nd6 32. Qe6+ Kc7 33. Bxd5 Bd7 34. Qe5 Qh6 35. Bg2 Bc8 36. Rec1 Kd8 37. Rxc5 Bd7 38. Rbc1 a5 39. Qg5+ Qxg5 40. Rxg5 a4 41. Ra5 a3 42. Rd5 Ne8 43. Bh3 Nf6 44. Rxd7+ Nxd7 45. Bxd7 Kxd7 46. Kf1 Kd6 47. Ke2 Kd5 48. Kd2 Kd4 49. Rc4+ Kd5 50. h4 Ke5 51. Kc3 Kf5 52. Kb3 Ke5 53. Kxa3 Kd5 54. Kb3 Ke5 55. Kc3 Kd5 56. a3 Ke5 57. Rc5+ Kd6 58. Kd4 Ke7 59. Rc6 Kd7 60. Kd5 Ke7 61. Rd6 Kf7 62. Ke5 Ke7 63. a4 Kf7 64. Re6 Kg7 65. Rf6 Kh7 66. Kf5 Kg7 67. a5 Kh7 68. Rg6 Kh8 69. Kf6 Kh7 70. Kf7 Kh8 71. Rh6# 1-0


[Site "https://www.chess.com"]

[Event "Titled Tuesday Blitz September 21 2021"]
[White "Markidis, Konstantinos"]
[Black "Dronavalli, Harika"]
[WhiteFideId "4203500"]
[BlackFideId "5015197"]
[WhiteElo "2304"]
[BlackElo "2422"]
[Result "1-0"]
[Round "05"]
[TimeControl "180+1"]
[Date "2021.09.21"]
[WhiteClock "0:00:14"]
[BlackClock "0:00:04"]

1. e4 c6 2. d4 d5 3. Nc3 dxe4 4. Nxe4 Nf6 5. Nxf6+ exf6 6. c3 Bd6 7. Bd3 O-O 8. Qc2 h5 9. Ne2 Re8 10. O-O Nd7 11. Bd2 Nf8 12. Rae1 h4 13. h3 Bc7 14. f4 Qd5 15. c4 Qd6 16. c5 Qd8 17. f5 b6 18. b4 a5 19. a3 axb4 20. axb4 Ba6 21. Bxa6 Rxa6 22. Bf4 Bxf4 23. Rxf4 Qd5 24. Qd3 Ra2 25. Rff1 bxc5 26. bxc5 Qd7 27. Nc3 Ra3 28. Rxe8 Qxe8 29. Qd2 Nh7 30. Re1 Qd7 31. d5 Ng5 32. d6 Ra5 33. Qd4 Ra7 34. Ne4 Qxf5 35. Nxg5 fxg5 36. Qe3 Rd7 37. Qe5 Qxe5 38. Rxe5 f6 39. Re8+ Kf7 40. Rc8 Ke6 41. Rxc6 Kd5 42. Rc7 Rd8 43. Kf2 g6 44. d7 Ke6 45. c6 f5 46. Ke3 g4 47. Kf4 gxh3 48. gxh3 Ke7 49. Rc8 Rxd7 50. cxd7 Kxd7 51. Rg8 Ke7 52. Rxg6 1-0


[Site "https://www.chess.com"]

[Event "Titled Tuesday Blitz September 21 2021"]
[White "Martinez Alcantara, Jose Eduardo"]
[Black "Tsvetkov, Andrey"]
[WhiteFideId "3805662"]
[BlackFideId "34139360"]
[WhiteElo "2690"]
[BlackElo "2280"]
[Result "1-0"]
[Round "05"]
[TimeControl "180+1"]
[Date "2021.09.21"]
[WhiteClock "0:00:18"]
[BlackClock "0:00:01"]

1. e4 c5 2. Nf3 d6 3. d4 cxd4 4. Nxd4 Nf6 5. Nc3 a6 6. h3 e5 7. Nb3 Be6 8. f4 g6 9. fxe5 dxe5 10. Qxd8+ Kxd8 11. Bd2 Nbd7 12. O-O-O Bb4 13. g4 Kc7 14. Bg2 Bd6 15. Rhf1 Rhe8 16. Be3 b5 17. Nd5+ Bxd5 18. exd5 Kd8 19. Na5 e4 20. g5 Nh5 21. Rxf7 Rf8 22. Nc6+ Kc7 23. Rxh7 Rae8 24. Nd4 Nf4 25. Ne6+ Nxe6 26. dxe6 Rxe6 27. h4 Re7 28. Rxe7 Bxe7 29. Bxe4 Ne5 30. Bd4 Bd6 31. Bb6+ Kxb6 32. Rxd6+ Kc7 33. Rf6 Rh8 34. Re6 Nc4 35. b3 Nd6 36. Bxg6 Rxh4 37. Bd3 Kd7 38. Rh6 Rg4 39. g6 Ke7 40. Rh7+ Kf6 41. Ra7 Ke6 42. Rxa6 Ke5 43. a4 b4 44. a5 Nb7 45. Ra8 Kd4 46. Kb2 Nc5 47. Bf5 Rg5 48. a6 Rxf5 49. Rd8+ Ke5 50. a7 Na4+ 51. bxa4 1-0


[Site "https://www.chess.com"]

[Event "Titled Tuesday Blitz September 21 2021"]
[White "Materia, Marco"]
[Black "Rozhkov, Viacheslav"]
[WhiteFideId "45150451"]
[BlackFideId "4181484"]
[WhiteElo "2604"]
[BlackElo "2324"]
[Result "0-1"]
[Round "05"]
[TimeControl "180+1"]
[Date "2021.09.21"]
[WhiteClock "0:00:53"]
[BlackClock "0:01:14"]

1. d4 d5 2. c4 dxc4 3. Nf3 Nf6 4. e3 Bg4 5. Bxc4 e6 6. h3 Bh5 7. Nc3 Bd6 8. Be2 Nc6 9. O-O O-O 10. e4 Bxf3 11. Bxf3 Nxd4 12. Be3 e5 13. Re1 c5 14. Bg5 h6 15. Bxf6 Qxf6 16. Be2 Qg5 17. Nd5 f5 18. Bc4 Kh8 19. exf5 Rxf5 20. Re3 Raf8 21. Rg3 Qh4 22. Qg4 Qxg4 23. Rxg4 Rxf2 24. Rg6 Bb8 25. b4 b5 26. Bf1 Rxf1+ 27. Rxf1 Ne2+ 28. Kh2 e4+ 29. g3 Rxf1 30. bxc5 Bxg3+ 31. Rxg3 Nxg3 32. Kxg3 Rc1 33. Kf4 Rxc5 34. Ne3 Rc3 35. Kxe4 Rxe3+ 36. Kxe3 g5 37. Ke4 a6 38. Kd5 h5 39. Kc5 g4 40. hxg4 hxg4 41. Kd4 Kg7 42. Ke4 Kg6 43. Kf4 Kh5 44. Kg3 Kg5 45. Kg2 Kf4 46. Kf2 b4 47. Kg2 g3 48. Kf1 Kf3 49. Kg1 a5 50. Kh1 Kf2 51. a4 g2+ 52. Kh2 g1=Q+ 53. Kh3 Qg3# 0-1


[Site "https://www.chess.com"]

[Event "Titled Tuesday Blitz September 21 2021"]
[White "Mirzoev, Azer"]
[Black "Tasev, Dejan"]
[WhiteFideId "13400304"]
[BlackFideId "936618"]
[WhiteElo "2525"]
[BlackElo "2253"]
[Result "0-1"]
[Round "05"]
[TimeControl "180+1"]
[Date "2021.09.21"]
[WhiteClock "0:00:08"]
[BlackClock "0:00:08"]

1. c4 Nf6 2. Nc3 g6 3. e4 d6 4. d4 Bg7 5. f3 O-O 6. Be3 c5 7. Nge2 cxd4 8. Nxd4 Nbd7 9. Qd2 a6 10. Be2 Ne5 11. O-O Bd7 12. b3 Rc8 13. Rac1 Nc6 14. Rfd1 Nxd4 15. Bxd4 Bc6 16. Bf1 Nd7 17. Be3 Nc5 18. b4 Ne6 19. a3 a5 20. Nd5 axb4 21. axb4 Ra8 22. Kh1 Ra3 23. Bf2 Qd7 24. Bh4 Bxd5 25. exd5 Nc7 26. c5 dxc5 27. bxc5 Ra4 28. Bg3 Bf6 29. c6 bxc6 30. dxc6 Qc8 31. Qd7 Ra7 32. Qxc8 Rxc8 33. Rd7 Kg7 34. h3 h5 35. Bd3 h4 36. Bf2 Ra3 37. Be4 Ne6 38. c7 g5 39. Bb6 Rb3 40. Ba5 Rb5 41. Bb7 Rxb7 42. Kg1 Ra7 43. Bb6 Rb7 44. Ba5 Be5 45. Rxe7 Kf6 46. Rd7 Bf4 47. Rc2 Be3+ 48. Kf1 Bf4 49. Ke2 Bg3 50. Ke3 Bf4+ 51. Kf2 Rb5 52. Be1 Rxc7 53. Rdxc7 Bxc7 54. Bc3+ Kg6 55. Ra2 Bg3+ 56. Ke2 Rb3 57. Bd2 Nf4+ 58. Bxf4 Bxf4 59. Kf2 Rb4 60. Ke2 f6 61. Kd3 Rb6 62. Kd4 Rd6+ 63. Ke4 Re6+ 64. Kd5 Re1 65. Kd4 Be5+ 66. Kd5 Rg1 67. Ke6 Re1 68. Kd5 Bg3 69. Kd4 Rf1 70. Ke3 Re1+ 71. Kd4 Kf5 72. Ra5+ Be5+ 73. Kd3 Rg1 74. Ra2 Kf4 75. Ra4+ Kg3 76. Rg4+ Kf2 77. f4 Bxf4 78. Ke4 Rxg2 79. Rxf4+ gxf4 80. Kxf4 Rg3 0-1


[Site "https://www.chess.com"]

[Event "Titled Tuesday Blitz September 21 2021"]
[White "Molina, Roberto Junio Brito"]
[Black "Shvedova, Alexandra"]
[WhiteFideId "2109450"]
[BlackFideId "54154782"]
[WhiteElo "2402"]
[BlackElo "1887"]
[Result "1/2-1/2"]
[Round "05"]
[TimeControl "180+1"]
[Date "2021.09.21"]
[WhiteClock "0:00:26"]
[BlackClock "0:00:36"]

1. d4 Nf6 2. c4 e6 3. Nf3 d5 4. Nc3 dxc4 5. e3 a6 6. a4 c5 7. Bxc4 Nc6 8. O-O cxd4 9. exd4 Be7 10. Bg5 O-O 11. Re1 h6 12. Bh4 Nb4 13. Bxf6 Bxf6 14. Qd2 Bd7 15. Ne4 Be7 16. Ne5 Bc6 17. Nc3 Nd5 18. Nxc6 bxc6 19. Red1 Nxc3 20. Qxc3 Qb6 21. b3 Rfd8 22. Qf3 Rxd4 23. Rxd4 Qxd4 24. Rd1 Qb6 25. Rd7 Bf6 26. Qd3 a5 27. g3 Rd8 28. Rxd8+ Qxd8 29. Qxd8+ Bxd8 30. f4 Kf8 31. Kg2 Ke7 32. Kf3 Kd6 33. Ke4 Bb6 34. g4 f6 35. h4 Bf2 36. h5 Kc5 37. Bxe6 Kd6 38. Kf5 Be3 39. Bc4 Ke7 40. Be2 c5 41. Bc4 Bd2 42. Ke4 Bc1 43. Bf1 Kd6 44. Bb5 Bd2 45. Ba6 Bc1 46. Be2 Bd2 47. Kf5 Ke7 48. Bf3 Bc1 49. Bg2 Bd2 50. Bf1 Bc1 51. Bd3 Bd2 52. Ke4 Kd6 53. f5 Bc1 54. Be2 Bd2 55. Bf3 Bc1 56. Bd1 Bd2 57. Be2 Bc1 58. Bc4 Bd2 59. Bb5 Bc1 60. Bc4 Bd2 61. Bb5 Bc1 62. Bc4 1/2-1/2


[Site "https://www.chess.com"]

[Event "Titled Tuesday Blitz September 21 2021"]
[White "Moskalenko, Alexander"]
[Black "Tang, Andrew"]
[WhiteFideId "4155351"]
[BlackFideId "2059630"]
[WhiteElo "2515"]
[BlackElo "2588"]
[Result "1/2-1/2"]
[Round "05"]
[TimeControl "180+1"]
[Date "2021.09.21"]
[WhiteClock "0:00:12"]
[BlackClock "0:00:22"]

1. c4 e6 2. Nc3 d5 3. d4 Be7 4. Nf3 Nf6 5. Bf4 O-O 6. e3 b6 7. Rc1 c5 8. cxd5 Nxd5 9. Nxd5 exd5 10. dxc5 bxc5 11. Qd2 Nc6 12. Be2 Be6 13. O-O Qb6 14. b3 a5 15. Ne5 Nxe5 16. Bxe5 a4 17. Rb1 axb3 18. axb3 Rfc8 19. Bd3 Bf8 20. Qc2 h6 21. Ra1 Rxa1 22. Rxa1 c4 23. bxc4 dxc4 24. Be4 c3 25. Rb1 Qa5 26. Bd4 Ba3 27. h3 Bb2 28. Rxb2 cxb2 29. Qxb2 Qg5 30. Kh2 f6 31. Qb7 Qa5 32. f4 Qc7 33. Qa6 Qd7 34. Qa5 Rd8 35. Qh5 Bf7 36. Qc5 Qe8 37. Bf3 Bg6 38. Qc7 Rc8 39. Qb7 Bf5 40. Bd5+ Kh8 41. Bf3 Qd7 42. Qb3 Rc2 43. Kg3 Rc8 44. Qb6 Qe8 45. Qb7 Rc2 46. Kh2 h5 47. Qd5 Qg6 48. e4 Bc8 49. Qxh5+ Qxh5 50. Bxh5 Rc4 51. Bf2 Rxe4 52. Kg3 Ra4 53. Bf3 Ra3 54. Kh2 Kh7 55. Be4+ Kg8 56. Bd5+ Kh8 57. Bf3 Bf5 58. Bc5 Ra4 59. Bd6 Rd4 60. Bc7 Kg8 61. g4 Be6 62. Kg3 Rd3 63. Kf2 Kf7 64. f5 Bc4 65. Bf4 Rc3 66. h4 Ke7 67. h5 Rc2+ 68. Kg3 Rc3 69. Kf2 Kf7 70. h6 g5 71. fxg6+ Kxg6 72. Be4+ Kf7 73. h7 Kg7 74. g5 Rh3 75. gxf6+ Kxf6 76. Bd2 Bf7 77. Bc3+ Kg5 78. h8=Q Rxh8 79. Bxh8 Kf4 80. Bf3 Bg6 81. Bc3 Be4 82. Bd2+ Kf5 83. Be2 Ke5 84. Ke3 Bd5 85. Bc3+ Kf5 86. Bd3+ Kg4 87. Kd4 Bf3 88. Ke5 Kg3 89. Bd4 Kh2 90. Kf4 Bg2 91. Be2 Kh1 92. Kg3 Ba8 93. Bf2 Bg2 94. Bg4 Ba8 95. Kf4 Bb7 96. Ke3 Ba8 97. Bc8 Bg2 98. Ba6 Ba8 99. Bg3 Bg2 100. Kf2 Ba8 101. Bf1 Bb7 102. Bf4 Ba8 103. Ba6 Bc6 104. Bc8 Ba8 105. Ba6 Bg2 106. Be2 Ba8 107. Bg4 Bb7 108. Bg3 Ba8 109. Bh3 Bb7 110. Kf1 Ba8 111. Ke1 Bg2 112. Bg4 Ba8 113. Kf2 Bg2 114. Be2 Ba8 115. Bf1 Bb7 116. Bf4 Ba8 117. Be3 Bb7 118. Kg3 Ba8 119. Ba6 Bg2 120. Bd3 Ba8 121. Bf1 Bb7 122. Bf2 Ba8 123. Bg2+ Bxg2 1/2-1/2


[Site "https://www.chess.com"]

[Event "Titled Tuesday Blitz September 21 2021"]
[White "Nenezic, Marko"]
[Black "Svane, Rasmus"]
[WhiteFideId "912123"]
[BlackFideId "4657101"]
[WhiteElo "2481"]
[BlackElo "2643"]
[Result "0-1"]
[Round "05"]
[TimeControl "180+1"]
[Date "2021.09.21"]
[WhiteClock "0:00:05"]
[BlackClock "0:00:07"]

1. Nf3 d5 2. d4 e6 3. g3 Nf6 4. Bg2 b5 5. O-O Nbd7 6. a4 b4 7. c4 bxc3 8. bxc3 Ba6 9. Ba3 Bxa3 10. Nxa3 O-O 11. c4 c5 12. Ne5 Nxe5 13. dxe5 Ne4 14. Qc2 Qc7 15. Bxe4 dxe4 16. Qxe4 Bb7 17. Qe3 a6 18. Rfd1 Rfd8 19. f3 h6 20. Nc2 Qa5 21. Rd6 Rxd6 22. exd6 Rd8 23. Qd3 Bc6 24. Ne3 Qb4 25. a5 Qb8 26. Rd1 Qb4 27. Qd2 Qb3 28. Kf2 f6 29. h4 h5 30. Ng2 Qxc4 31. Nf4 Be8 32. e3 Bf7 33. d7 e5 34. Qd6 exf4 35. Qe7 Qc2+ 36. Ke1 fxg3 37. Qxd8+ Kh7 38. Qh8+ Kxh8 39. d8=Q+ Bg8 40. Qd2 Qc4 41. Qe2 Qxh4 42. Qg2 Be6 43. Rd8+ Kh7 44. Kd2 Qb4+ 45. Kc1 Qc3+ 46. Kb1 Qb3+ 47. Kc1 Qxe3+ 48. Rd2 h4 49. Qh1 Qf4 50. Qg2 c4 51. Qe2 c3 52. Qd3+ Bf5 53. Qxc3 g2 0-1


[Site "https://www.chess.com"]

[Event "Titled Tuesday Blitz September 21 2021"]
[White "Onyshchuk, Volodymyr"]
[Black "Pasti, Aron"]
[WhiteFideId "14114038"]
[BlackFideId "785857"]
[WhiteElo "2603"]
[BlackElo "2080"]
[Result "1/2-1/2"]
[Round "05"]
[TimeControl "180+1"]
[Date "2021.09.21"]
[WhiteClock "0:01:01"]
[BlackClock "0:00:08"]

1. e4 e5 2. Nf3 Nc6 3. Bc4 Bc5 4. d3 Nf6 5. c3 d6 6. Nbd2 O-O 7. Bb3 Bb6 8. h3 d5 9. Qe2 Be6 10. Nf1 Na5 11. Bc2 dxe4 12. dxe4 Bc4 13. Qd2 Nc6 14. Ng3 Qe8 15. Qg5 h6 16. Qh4 Ne7 17. Nxe5 Ng6 18. Nxg6 fxg6 19. e5 Qxe5+ 20. Be3 Bxe3 21. Qxc4+ Kh8 22. O-O Qxg3 23. fxe3 Qxe3+ 24. Kh1 Nh5 25. Rxf8+ Rxf8 26. Bxg6 Ng3+ 27. Kh2 Qe5 28. Kg1 Qe3+ 29. Kh2 Qe5 30. Kg1 Qe3+ 31. Kh2 1/2-1/2


[Site "https://www.chess.com"]

[Event "Titled Tuesday Blitz September 21 2021"]
[White "Ozates, Tuna"]
[Black "Gallegos Diaz, Carlos Alberto"]
[WhiteFideId "6354521"]
[BlackFideId "3900886"]
[WhiteElo "1872"]
[BlackElo "2362"]
[Result "1-0"]
[Round "05"]
[TimeControl "180+1"]
[Date "2021.09.21"]
[WhiteClock "0:00:58"]
[BlackClock "0:00:06"]

1. e4 d6 2. d4 Nf6 3. Nc3 c6 4. Nf3 Qa5 5. Bd3 e5 6. h3 Be7 7. O-O O-O 8. Qe2 Nbd7 9. Bd2 Qc7 10. dxe5 dxe5 11. Nh4 Nc5 12. Kh1 Re8 13. f4 Bd6 14. f5 b5 15. g4 h6 16. g5 hxg5 17. Bxg5 Ncd7 18. Rg1 Kf8 19. Qg2 Bb7 20. Bxf6 gxf6 21. Qg7+ Ke7 22. Ng6+ Kd8 23. Qxf7 Nc5 24. Qxf6+ Kc8 25. a3 a6 26. h4 Kb8 27. h5 Ka7 28. h6 Nd7 29. Qg5 c5 30. h7 c4 31. Be2 Nc5 32. Bf3 Qxh7+ 33. Kg2 Qg7 34. Rh1 Be7 35. Qg3 Bf6 36. Qf2 Qc7 37. Rh3 Qb6 38. Rah1 Rad8 39. Rh7 Rd7 40. Rxd7 Nxd7 41. Rh7 Qxf2+ 42. Kxf2 Nc5 43. Nd5 Kb8 44. Nxf6 1-0


[Site "https://www.chess.com"]

[Event "Titled Tuesday Blitz September 21 2021"]
[White "Pajeken, Jakob Leon"]
[Black "Weetik, Vjacheslav"]
[WhiteFideId "12942839"]
[BlackFideId "4153472"]
[WhiteElo "2351"]
[BlackElo "2469"]
[Result "0-1"]
[Round "05"]
[TimeControl "180+1"]
[Date "2021.09.21"]
[WhiteClock "0:01:34"]
[BlackClock "0:00:47"]

1. c4 e6 2. Nf3 d5 3. d4 a6 4. g3 dxc4 5. Bg2 b5 6. Ne5 Ra7 7. a4 Bb7 8. e4 c6 9. O-O Nd7 10. Nf3 Ngf6 11. e5 Nd5 12. b3 c3 13. Bg5 Qb6 14. Na3 h6 15. Bc1 c5 16. Nc2 b4 17. a5 Qc7 18. dxc5 Bxc5 19. Qe2 O-O 20. Nfd4 Qxe5 21. Qxe5 Nxe5 0-1


[Site "https://www.chess.com"]